 Dungeon Crawl Stone Soup version 0.27.1-34-g3ba077fa99 (webtiles) character file.

Game seed: 3583365031336985931

261 boopmooplesden the Covered (level 5, 0/47 HPs)
             Began as a Minotaur Fighter on Jan 18, 2022.
             Slain by a gnoll sergeant (2 damage)
             ... on level 4 of the Dungeon.
             The game lasted 00:03:57 (2959 turns).

boopmooplesden the Covered (Minotaur Fighter)       Turns: 2959, Time: 00:03:58

Health: 0/47       AC:  9    Str: 22    XL:     5   Next: 96%
Magic:  0/4        EV: 10    Int:  5    God:
Gold:   141        SH: 10    Dex:  9    Spells: 4/4 levels left

rFire    . . .     SeeInvis .   a - +0 flail
rCold    . . .     Faith    .   c - +1 kite shield
rNeg     . . .     Spirit   +   m - +0 chain mail
rPois    .         Reflect  .   (helmet restricted)
rElec    .         Harm     .   (no cloak)
rCorr    .         Rampage  .   (no gloves)
Will     .....                  (no boots)
Stlth    ..........             i - amulet of guardian spirit
HPRegen  0.15/turn              r - +4 ring of evasion
MPRegen  0.09/turn              (no ring)

@: mighty, very slow
A: horns 2, retaliatory headbutt
a: no special abilities


You were on level 4 of the Dungeon.
You visited 1 branch of the dungeon, and saw 4 of its levels.

You collected 141 gold pieces.

Inventory:

Hand Weapons
 a - a +0 flail (weapon)
Missiles
 t - a throwing net (quivered)
Armour
 c - a +1 kite shield (worn)
 m - a +0 chain mail (worn)
Jewellery
 i - an amulet of guardian spirit (around neck)
 r - a +4 ring of evasion (left hand)
Wands
 p - a wand of iceblast (5)
 q - a wand of flame (17)
Scrolls
 e - a scroll of fog
 f - a scroll of amnesia
Potions
 h - a potion of curing
 k - 2 potions of brilliance
 l - a potion of haste
 n - a potion of mutation {unknown}
 s - a potion of heal wounds {unknown}


   Skills:
 + Level 4.5 Fighting
 + Level 4.7 Maces & Flails
 + Level 5.0 Armour
 + Level 1.6 Dodging
 + Level 4.8 Shields


You had 4 spell levels left.
You didn't know any spells.
Your spell library contained the following spells:

 Spells                   Type           Power      Damage    Failure   Level
 Blink                    Tloc           N/A        N/A       100%        2
 Frozen Ramparts          Ice            0%         1d2       100%        3
 Lesser Beckoning         Tloc           0%         N/A       100%        3
 Ice Form                 Ice/Tmut       0%         N/A       100%        4
 Summon Ice Beast         Ice/Summ       0%         N/A       100%        4
 Manifold Assault         Tloc           0%         N/A       100%        5


Dungeon Overview and Level Annotations

Branches:
Dungeon (4/15)
 Temple: D:4-7

Altars:


Innate Abilities, Weirdness & Mutations

You have a pair of horns on your head.
You reflexively headbutt those who attack you in melee.


Message History

The ball python constricts you.
You closely miss the gnoll. You headbutt the gnoll!
The gnoll is almost dead.
The gnoll hits you with a +2 whip of electrocution!
You are electrocuted!
The ball python bites you but does no damage.
The ball python constricts you. The gnoll hits you but does no damage.
You bludgeon the gnoll!!
You kill the gnoll!
The ball python barely misses you. You furiously retaliate!
You headbutt the ball python.
You kill the ball python!
The goblin shoots a stone.
The stone hits you but does no damage. The gnoll sergeant misses you.
Your Armour skill increases to level 5!
You thump the hobgoblin!
You kill the hobgoblin!
The gnoll sergeant splashes around in the water.
The gnoll sergeant hits you from afar with a +5 antimagic trident!
* * * LOW HITPOINT WARNING * * *
You feel your power leaking away.
You feel better.
The goblin unwields a +0 hunting sling.
The goblin wields a +0 dagger.
The goblin hits you but does no damage.
The gnoll sergeant hits you from afar with a +5 antimagic trident.
You enter the shallow water.
Moving in this stuff is going to be slow.
You block the gnoll sergeant's attack. The goblin hits you but does no damage.
Things that are here:
a +0 club; a ball python corpse; a kobold corpse You sock the gnoll sergeant!
Your headbutt misses the gnoll sergeant.
The gnoll sergeant is heavily wounded.
The gnoll sergeant hits you with a +5 antimagic trident!
* * * LOW HITPOINT WARNING * * *
The goblin hits you but does no damage. You block the gnoll sergeant's attack.
The gnoll sergeant blocks your attack.
The gnoll sergeant is heavily wounded.
The goblin barely misses you.
The gnoll sergeant hits you with a +5 antimagic trident.
You die...

.......... ....../..#
.....8..8. #.....$...#
.....8..8≈ #[≈≈≈≈....#
#..##≈..gg
#.≈≈≈≈≈≈..######.≈≈≈≈..≈≈
#.≈≈≈≈≈≈≈≈≈...≈≈≈≈≈≈≈..≈≈
#.≈≈≈≈≈≈≈≈≈≈≈≈≈≈≈≈≈≈≈..≈≈
#...≈≈≈≈≈≈≈≈≈≈≈≈≈≈≈≈≈g.≈.
#....≈≈@g≈≈≈≈≈≈≈≈≈.8..8#
##....g#≈≈gg≈≈≈###.8K.8#
######)..####.# #.....#
#...####.###......
#...##......g...##
#......##.##...##
#.........######
#...####### #...#


You could see a gnoll sergeant, 2 gnolls and a goblin.

Vanquished Creatures
  An ogre (D:3)
  A gnoll shaman (D:2)
  6 gnolls
  An adder (D:3)
  2 worms (D:2)
  An orc (D:2)
  5 bats
  10 endoplasms
  A giant cockroach (D:2)
  4 goblins
  11 hobgoblins
  3 quokkas
  9 ball pythons
  5 frilled lizards
  8 kobolds
  A rat (D:1)
69 creatures vanquished.

Notes
Turn   | Place    | Note
-------+----------+-------------------------------------------
     0 | D:1      | boopmooplesden the Minotaur Fighter began the quest for the
                  | Orb.
     0 | D:1      | Reached XP level 1. HP: 19/19 MP: 0/0
   242 | D:1      | Reached XP level 2. HP: 14/27 MP: 1/1
   794 | D:1      | Reached skill level 4 in Armour
   794 | D:1      | Reached XP level 3. HP: 26/33 MP: 2/2
   997 | D:1      | Found a faded altar of an unknown god.
  1152 | D:2      | Reached skill level 1 in Dodging
  1155 | D:2      | Reached XP level 4. HP: 13/40 MP: 3/3
  2499 | D:3      | Reached XP level 5. HP: 44/47 MP: 4/4
  2757 | D:3      | Noticed an ogre
  2760 | D:3      | Killed an ogre
  2955 | D:4      | Reached skill level 5 in Armour
  2958 | D:4      | HP: 2/47 [gnoll sergeant (17)]
  2959 | D:4      | Slain by a gnoll sergeant

Illustrated notes

Levels and vault maps discovered:
D:1:      ebering_hopf_link, layout_basic, shapermc_ecumenical_altar_pompeii,
          lemuel_old_faithful
D:2:      layout_basic
D:3:      layout_loops_corners, guppyfry_early_lair_pool
D:4:      wander_river, layout_rooms, mainiacjoe_overflow_brackets,
          cheibrodos_sewer_entry_bend

Skill      XL: |  1  2  3  4  5 |
---------------+----------------+-----
Shields        | 4 |  4.8
Fighting       | 4 |  4.5
Armour         | 4 5 |  5.0
Maces & Flails | 3 4 |  4.7
Dodging        | 1 |  1.6

Action                   |  1- 3 |  4- 6 || total
-------------------------+-------+-------++-------
Melee: Flail             |    71 |    75 ||   146
       Headbutt          |     7 |     8 ||    15
Evoke: Wand              |       |     2 ||     2
  Use: Potion            |       |     3 ||     3
       Scroll            |       |     7 ||     7
Armor: Scale mail        |    42 |    18 ||    60
       Chain mail        |       |     9 ||     9
Dodge: Dodged            |    22 |    21 ||    43
Block: Kite shield       |    52 |    34 ||    86
